 Dungeon Crawl Stone Soup version 0.30-a0-600-gb7c8574cbb (webtiles) character file.

Game seed: 14545518481651728381

30 M4edhros the Charlatan (level 3, 0/23 HPs)
             Began as an Octopode Artificer on Jan 7, 2023.
             Slain by Terence
             ... wielding a +0 flail
              (5 damage)
             ... on level 3 of the Dungeon.
             The game lasted 00:00:35 (584 turns).

M4edhros the Charlatan (Octopode Artificer)          Turns: 584, Time: 00:00:36

Health: 0/23       AC:  1    Str: 11    XL:     3   Next: 18%
Magic:  3/3        EV: 13    Int: 13    God:
Gold:   55         SH:  0    Dex: 14    Spells: 2/2 levels left

rFire   . . .      SeeInvis +      - Unarmed
rCold   . . .      Faith    .    (no shield)
rNeg    . . .      Spirit   .    (helmet restricted)
rPois   .          Reflect  .    (no amulet)
rElec   .          Harm     .    k - ring of see invisible
rCorr   .          Rampage  .    (no ring)
Will    .....                    (no ring)
Stlth   +++                      (no ring)
HPRegen 0.23/turn                (no ring)
MPRegen 0.08/turn                (no ring)
                                 (no ring)
                                 (no ring)

@: no status effects
A: almost no armour, amphibious, 8 rings, camouflage 1, gelatinous body 1,
(nimble swimmer 1), tentacles
a: no special abilities


You were on level 3 of the Dungeon.
You visited 1 branch of the dungeon, and saw 3 of its levels.

You collected 55 gold pieces.

Inventory:

Jewellery
 k - a ring of see invisible (left tentacle)
Wands
 b - a wand of flame (14) (quivered)
 c - a wand of charming (15)
 d - a wand of iceblast (5)
Scrolls
 e - a scroll of enchant armour {unknown}
 f - a scroll of identify {unknown}
 i - a scroll of magic mapping {unknown}
 j - a scroll of vulnerability {unknown}
Potions
 a - 2 potions of degeneration {unknown}
 g - a potion of cancellation {unknown}
 h - 2 potions of brilliance {unknown}


   Skills:
 + Level 1.3 Fighting
 + Level 2.6 Dodging
 + Level 2.2 Stealth
 * Level 1.4 Unarmed Combat
 + Level 3.5 Evocations


You had 2 spell levels left.
You didn't know any spells.
Your spell library was empty.

Dungeon Overview and Level Annotations

Branches:
Dungeon (3/15)

Altars:

Annotations:
D:3 Terence


Innate Abilities, Weirdness & Mutations

You cannot wear most types of armour.
You are amphibious.
You can wear up to eight rings at the same time.
Your skin changes colour to match your surroundings (Stealth+).
Your rubbery body absorbs attacks. (AC +1, EV +1)
((You are camouflaged when in or above water. (Stealth+)))
You have tentacles for arms and can constrict up to eight enemies at once.


Message History

A hobgoblin is nearby!
Found a scroll labelled RAMNIN ANONKA.
The hobgoblin shouts!
You hear a shout!
Terence the Incautious comes into view.
He is wielding a +0 flail and carrying a wand of polymorph (4).
The hobgoblin misses you.
You tentacle-slap the hobgoblin but do no damage.
You grab the hobgoblin. You constrict the hobgoblin. The hobgoblin hits you.
You tentacle-slap the hobgoblin. You squeeze the hobgoblin.
You kill the hobgoblin!
You see here a hobgoblin corpse.
You tentacle-slap Terence but do no damage.
You grab Terence.
You constrict Terence, but do no damage.
Terence hits you with a +0 flail.
You tentacle-slap Terence. Your squeeze misses Terence.
Terence is lightly wounded.
You constrict Terence, but do no damage.
Terence hits you with a +0 flail!
Terence is nearby!
You tentacle-slap Terence but do no damage.
You squeeze Terence, but do no damage.
Terence is lightly wounded.
You constrict Terence, but do no damage.
Terence barely misses you.
You barely miss Terence. You tentacle-slap Terence.
Terence is moderately wounded.
You constrict Terence. Terence closely misses you.
Aiming: Throw Flame
Press: ? - help, Shift-Dir - straight line, f - Terence
Aim: Terence, wielding a +0 flail, wearing a +0 scale mail and carrying a wand of polymorph (4) (heavily wounded, constricted by you, 100% to hit)
The puff of flame hits Terence.
Terence is severely wounded.
You constrict Terence, but do no damage.
Terence hits you with a +0 flail.
* * * LOW HITPOINT WARNING * * *
You tentacle-slap Terence but do no damage.
Terence is severely wounded.
You constrict Terence, but do no damage.
Terence hits you with a +0 flail.
You die...

#.# #..######....## .# #..#
#..<## ...# #...# ..... ...
#.##.... .. #.###### ##.## #.#
#...# #.# #..@# #.# #.?@# #.#
###.# #.# #.# #.# #..
##.#############.################
.............................<#
##.#######.##################.###
#.# #.# #.... #.#######.# #####
#.........#


You could see Terence.

Vanquished Creatures
  An adder (D:3)
  A worm (D:2)
  A dart slug (D:3)
  A goblin (D:1)
  2 hobgoblins
  4 jackals (D:1)
  A quokka (D:1)
  A ball python (D:3)
  A bat (D:2)
  A frilled lizard (D:2)
  A kobold (D:2)
  A rat (D:2)
16 creatures vanquished.

Notes
Turn   | Place    | Note
-------+----------+-------------------------------------------
     0 | D:1      | M4edhros the Octopode Artificer began the quest for the
                  | Orb.
     0 | D:1      | Reached XP level 1. HP: 13/13 MP: 1/1
   102 | D:1      | Reached XP level 2. HP: 17/18 MP: 2/2
   335 | D:2      | Reached skill level 1 in Unarmed Combat
   411 | D:3      | Reached XP level 3. HP: 23/23 MP: 3/3
   575 | D:3      | Noticed Terence
   584 | D:3      | Slain by Terence

Illustrated notes

Levels and vault maps discovered:
D:1:      lightli_arrival_flooded_house, layout_basic,
          ebering_ecumenical_altar_mist
D:2:      layout_basic, basic_altar, dk_noncrumbling_3, grunt_ministairs_2,
          kennysheep_generic_room_5
D:3:      layout_loops_ring, mainiacjoe_overflow_alcove_4, uniq_terence

Skill      XL: |  1  2 |
---------------+-------+-----
Stealth        | 2 |  2.2
Unarmed Combat | 1 |  1.4
Fighting       | |  1.3
Dodging        | |  2.6
Evocations     | |  3.5

Action                   || total
-------------------------++-------
Melee: Unarmed           ||    45
       Tentacles         ||    11
       Constrict         ||    13
       Punch             ||     1
Evoke: Wand              ||     1
 Stab: Sleeping          ||     4
Dodge: Dodged            ||    27

Table legend: (Time is in decaauts)
 A = Elapsed time spent in this place.
 B = Non-inter-level travel time spent in this place.
 C = Inter-level travel time spent in this place.
 D = Time resting spent in this place.
 E = Time spent auto-exploring this place.
 F = Levels seen in this place.
 G = Mean time per level.
                   A        B        C        D        E       F      G
               +--------+--------+--------+--------+--------+-----+--------+
         Total |    582 |    562 |     20 |     48 |    380 |   3 |  194.0 |
       Dungeon |    582 |    562 |     20 |     48 |    380 |   3 |  194.0 |
               +--------+--------+--------+--------+--------+-----+--------+

Top non-repeatable levels by time:
     D:2: 210 daAuts
     D:3: 193 daAuts
     D:1: 178 daAuts
